[Event "16th Deltalift Open 2019"]
[Site "Halmstad"]
[Date "2019.05.30"]
[Round "1.2"]
[White "Olsson, Thomas"]
[Black "Hector, Jonny"]
[Result "0-1"]
[ECO "C74"]
[WhiteElo "1951"]
[BlackElo "2488"]
[Annotator "ChessBase"]
[PlyCount "66"]
[EventDate "2019.05.30"]
[EventType "swiss"]
[EventCountry "SWE"]
[SourceTitle "playchess.com"]
[Source "ChessBase"]
[SourceQuality "1"]
[TimeControl "1800+12"]

1. e4 e5 2. Nf3 Nc6 3. Bb5 a6 4. Ba4 d6 5. c3 f5 6. exf5 Bxf5 7. O-O Bd3 8. Re1 Be7 9. Bc2 Bxc2 10. Qxc2 Nf6 11. d4 O-O 12. dxe5 Nxe5 13. Nxe5 dxe5 14. Nd2 Bc5 15. Rf1 e4 16. Nc4 Qd5 17. Ne3 Qe5 18. Nc4 Qh5 19. Be3 Ng4 20. h3 Nxe3 21. Nxe3 Rae8 22. Rae1 Kh8 23. Qe2 Qe5 24. Nc4 Qe6 25. b4 Ba7 26. a3 c5 27. Nd2 cxb4 28. cxb4 e3 29. fxe3 b5 30. Rxf8+ Rxf8 31. Kh1 Qe5 32. Nf3 Qg3 33. e4 Rxf3 0-1

[Event "16th Deltalift Open 2019"]
[Site "Halmstad"]
[Date "2019.05.30"]
[Round "1.3"]
[White "Cramling, Pia"]
[Black "Petersson, Kjell"]
[Result "1-0"]
[ECO "A04"]
[WhiteElo "2454"]
[BlackElo "1949"]
[Annotator "ChessBase"]
[PlyCount "73"]
[EventDate "2019.05.30"]
[EventType "swiss"]
[EventCountry "SWE"]
[SourceTitle "playchess.com"]
[Source "ChessBase"]
[SourceQuality "1"]
[TimeControl "1800+12"]

1. Nf3 f5 2. g3 Nf6 3. Bg2 e6 4. O-O d5 5. d3 Be7 6. c4 O-O 7. Nc3 d4 8. Nb5 Nc6 9. e3 dxe3 10. fxe3 a6 11. Nbd4 Nxd4 12. exd4 c5 13. dxc5 Bxc5+ 14. d4 Ba7 15. c5 Qe7 16. Bf4 Bd7 17. Bd6 Qe8 18. Bxf8 Qxf8 19. Ne5 Bb5 20. Qb3 Re8 21. Rxf5 Ba4 22. Qxa4 exf5 23. Qb3+ Kh8 24. Nf7+ Kg8 25. Nd6+ Kh8 26. Nxe8 Qxe8 27. Qc3 Qf7 28. Qb3 Qd7 29. Rd1 h6 30. Qxb7 Qa4 31. b3 Qe8 32. Qxa7 Qe3+ 33. Kh1 Ng4 34. Rf1 Nf2+ 35. Rxf2 Qxf2 36. Qa8+ Kh7 37. Qf3 1-0

[Event "16th Deltalift Open 2019"]
[Site "Halmstad"]
[Date "2019.05.30"]
[Round "1.4"]
[White "Nilsson, Weine"]
[Black "Sjodahl, Pontus"]
[Result "0-1"]
[ECO "C00"]
[WhiteElo "1949"]
[BlackElo "2435"]
[Annotator "ChessBase"]
[PlyCount "48"]
[EventDate "2019.05.30"]
[EventType "swiss"]
[EventCountry "SWE"]
[SourceTitle "playchess.com"]
[Source "ChessBase"]
[SourceQuality "1"]
[TimeControl "1800+12"]

1. e4 e6 2. d3 d5 3. Nd2 Nf6 4. g3 Nc6 5. Bg2 dxe4 6. Nxe4 Nxe4 7. Bxe4 e5 8. Ne2 Bd6 9. Be3 Bh3 10. Qd2 f5 11. Bf3 Qe7 12. Bxc6+ bxc6 13. O-O-O O-O 14. f4 e4 15. Qc3 Bg2 16. Rhe1 Kh8 17. a3 exd3 18. Rxd3 Be4 19. Rd2 a5 20. Kb1 Rfb8 21. Nd4 Bxa3 22. Nxc6 Bxb2 23. Rd8+ Qxd8 24. Qc4 Bxc6 0-1

[Event "16th Deltalift Open 2019"]
[Site "Halmstad"]
[Date "2019.05.30"]
[Round "1.5"]
[White "Brynell, Stellan"]
[Black "Stenman, Christoffer"]
[Result "1-0"]
[ECO "E15"]
[WhiteElo "2406"]
[BlackElo "1947"]
[Annotator "ChessBase"]
[PlyCount "45"]
[EventDate "2019.05.30"]
[EventType "swiss"]
[EventCountry "SWE"]
[SourceTitle "playchess.com"]
[Source "ChessBase"]
[SourceQuality "1"]
[TimeControl "1800+12"]

1. d4 Nf6 2. Nf3 e6 3. c4 b6 4. g3 c6 5. Bg2 Be7 6. O-O O-O 7. Qc2 d5 8. Rd1 Nbd7 9. b3 Ba6 10. Nbd2 Rc8 11. e4 c5 12. exd5 exd5 13. Bb2 dxc4 14. Nxc4 cxd4 15. Nxd4 b5 16. Nc6 Rxc6 17. Bxc6 bxc4 18. Bxf6 Bxf6 19. Rac1 cxb3 20. Qxb3 Bc8 21. Qb5 Bg5 22. f4 a6 23. Qxg5 1-0

[Event "16th Deltalift Open 2019"]
[Site "Halmstad"]
[Date "2019.05.30"]
[Round "1.6"]
[White "Karlsson, Roger"]
[Black "Jepson, Christian"]
[Result "1-0"]
[ECO "B07"]
[WhiteElo "1936"]
[BlackElo "2395"]
[Annotator "ChessBase"]
[PlyCount "52"]
[EventDate "2019.05.30"]
[EventType "swiss"]
[EventCountry "SWE"]
[SourceTitle "playchess.com"]
[Source "ChessBase"]
[SourceQuality "1"]
[TimeControl "1800+12"]

1. e4 d6 2. d4 Nf6 3. Nc3 g6 4. g3 Bg7 5. Bg2 O-O 6. f4 e5 7. dxe5 dxe5 8. Qxd8 Rxd8 9. fxe5 Nfd7 10. Bg5 Re8 11. Nd5 Na6 12. Ne7+ Kf8 13. Nxc8 Raxc8 14. Bh3 Nac5 15. O-O-O Nxe5 16. Bxc8 Rxc8 17. Rd8+ Rxd8 18. Bxd8 Ne6 19. Bxc7 Nxc7 20. Ne2 Nc4 21. b3 Nd6 22. Rd1 Ke7 23. Nf4 Nxe4 24. Re1 f5 25. g4 Bh6 26. Rf1 Ne6 1-0

[Event "16th Deltalift Open 2019"]
[Site "Halmstad"]
[Date "2019.05.30"]
[Round "1.7"]
[White "Pantzar, Milton"]
[Black "Mitra, Akash"]
[Result "1-0"]
[ECO "A04"]
[WhiteElo "2390"]
[BlackElo "1933"]
[Annotator "ChessBase"]
[PlyCount "105"]
[EventDate "2019.05.30"]
[EventType "swiss"]
[EventCountry "SWE"]
[SourceTitle "playchess.com"]
[Source "ChessBase"]
[SourceQuality "1"]
[TimeControl "1800+12"]

1. Nf3 f5 2. d4 Nf6 3. c4 e6 4. g3 Bb4+ 5. Bd2 Qe7 6. Bg2 O-O 7. O-O Bxd2 8. Qxd2 Ne4 9. Qc2 d6 10. Nc3 Nxc3 11. Qxc3 Nd7 12. Rac1 e5 13. c5 e4 14. cxd6 cxd6 15. Nd2 Nf6 16. Nc4 Be6 17. Ne3 Rac8 18. Qa3 a6 19. Qa5 d5 20. Qa3 Qxa3 21. bxa3 g5 22. Bh3 g4 23. Bg2 Rxc1 24. Rxc1 Rc8 25. Rxc8+ Bxc8 26. Kf1 Kf7 27. Ke1 Ke6 28. Bf1 Ne8 29. Ng2 Nc7 30. e3 Bd7 31. Nf4+ Kd6 32. Nh5 Nb5 33. Bxb5 Bxb5 34. Kd2 Bc4 35. Ng7 Bxa2 36. Nxf5+ Ke6 37. Nh6 a5 38. Nxg4 Bc4 39. Ne5 Bf1 40. Kc3 h5 41. Ng6 Ba6 42. Nf4+ Kd6 43. Nxh5 b5 44. Nf4 Bb7 45. h4 Ke7 46. g4 Kf6 47. Kb3 Bc6 48. g5+ Ke7 49. h5 Kf7 50. h6 Bb7 51. g6+ Kf6 52. g7 Kf7 53. Ng6 1-0

[Event "16th Deltalift Open 2019"]
[Site "Halmstad"]
[Date "2019.05.30"]
[Round "1.8"]
[White "Voll, Oddvar U"]
[Black "Lindberg, Bengt"]
[Result "0-1"]
[ECO "B22"]
[WhiteElo "1932"]
[BlackElo "2382"]
[Annotator "ChessBase"]
[PlyCount "64"]
[EventDate "2019.05.30"]
[EventType "swiss"]
[EventCountry "SWE"]
[SourceTitle "playchess.com"]
[Source "ChessBase"]
[SourceQuality "1"]
[TimeControl "1800+12"]

1. e4 c5 2. c3 Nf6 3. e5 Nd5 4. d4 cxd4 5. cxd4 d6 6. Nf3 e6 7. Nc3 Nxc3 8. bxc3 Nd7 9. exd6 Bxd6 10. Bd3 Qc7 11. Bb2 b6 12. O-O Bb7 13. h3 O-O 14. Re1 h6 15. c4 Rfe8 16. Rc1 Rad8 17. Bb1 e5 18. d5 Nc5 19. Nd2 Bf8 20. Nb3 Nd7 21. Qd3 g6 22. h4 h5 23. f4 Bg7 24. fxe5 Nxe5 25. Qg3 Nf3+ 26. Qxf3 Bxb2 27. Rxe8+ Rxe8 28. Rf1 Re7 29. Bd3 Qe5 30. Nd2 Qd4+ 31. Kh1 Qxh4+ 32. Kg1 Bd4+ 0-1

[Event "16th Deltalift Open 2019"]
[Site "Halmstad"]
[Date "2019.05.30"]
[Round "1.9"]
[White "Seo, Jung Min"]
[Black "Magelius, Olof"]
[Result "1-0"]
[ECO "B90"]
[WhiteElo "2377"]
[BlackElo "1931"]
[Annotator "ChessBase"]
[PlyCount "31"]
[EventDate "2019.05.30"]
[EventType "swiss"]
[EventCountry "SWE"]
[SourceTitle "playchess.com"]
[Source "ChessBase"]
[SourceQuality "1"]
[TimeControl "1800+12"]

1. e4 c5 2. Nf3 d6 3. d4 cxd4 4. Nxd4 Nf6 5. Nc3 a6 6. Be3 e6 7. f3 b5 8. Qd2 Be7 9. g4 h6 10. h4 Bb7 11. O-O-O b4 12. Na4 Qa5 13. b3 Nc6 14. Kb1 d5 15. Nxc6 Bxc6 16. Bb6 1-0

[Event "16th Deltalift Open 2019"]
[Site "Halmstad"]
[Date "2019.05.30"]
[Round "1.10"]
[White "Muntean, Victor"]
[Black "Rydstrom, Tom"]
[Result "0-1"]
[ECO "B22"]
[WhiteElo "1929"]
[BlackElo "2365"]
[Annotator "ChessBase"]
[PlyCount "104"]
[EventDate "2019.05.30"]
[EventType "swiss"]
[EventCountry "SWE"]
[SourceTitle "playchess.com"]
[Source "ChessBase"]
[SourceQuality "1"]
[TimeControl "1800+12"]

1. e4 c5 2. c3 Nf6 3. e5 Nd5 4. d4 cxd4 5. Nf3 Nc6 6. cxd4 d6 7. Bc4 e6 8. Nc3 Nxc3 9. bxc3 Be7 10. Bf4 d5 11. Bd3 Bd7 12. O-O Rc8 13. Qb1 h6 14. Rc1 Na5 15. a4 Qc7 16. Nd2 Nc4 17. Nxc4 dxc4 18. Be4 Bc6 19. Rd1 O-O 20. Qc2 Rfd8 21. Bd2 Bd5 22. Bxd5 Rxd5 23. Qe4 Qc6 24. f4 Ra5 25. Qxc6 Rxc6 26. Rdb1 Rb6 27. Rxb6 axb6 28. Rb1 Ra6 29. g4 Kf8 30. f5 Ke8 31. f6 gxf6 32. exf6 Bf8 33. Rb5 Kd7 34. h4 Rxa4 35. Rxb6 Kc7 36. Rb5 Ra2 37. Bf4+ Kc6 38. Rh5 b5 39. Bxh6 Bxh6 40. Rxh6 b4 41. cxb4 c3 42. Rh5 c2 43. Rc5+ Kd6 44. g5 Ra1+ 45. Kg2 c1=Q 46. Rxc1 Rxc1 47. h5 Rc8 48. Kf3 e5 49. Ke4 Rc4 50. g6 Ke6 51. g7 Rxd4+ 52. Kf3 Rd8 0-1

[Event "16th Deltalift Open 2019"]
[Site "Halmstad"]
[Date "2019.05.30"]
[Round "1.11"]
[White "Malmstig, Erik"]
[Black "Sjodahl, Sten"]
[Result "1-0"]
[ECO "C54"]
[WhiteElo "2352"]
[BlackElo "1928"]
[Annotator "ChessBase"]
[PlyCount "55"]
[EventDate "2019.05.30"]
[EventType "swiss"]
[EventCountry "SWE"]
[SourceTitle "playchess.com"]
[Source "ChessBase"]
[SourceQuality "1"]
[TimeControl "1800+12"]

1. e4 e5 2. Nf3 Nc6 3. Bc4 Bc5 4. c3 Nf6 5. d3 O-O 6. Nbd2 d6 7. h3 a6 8. Bb3 Bb6 9. Nc4 Ba7 10. Ne3 Ne7 11. Nh4 Kh8 12. Qe2 c6 13. g4 Be6 14. Nef5 Bxb3 15. axb3 Nxf5 16. Nxf5 d5 17. Bg5 dxe4 18. dxe4 g6 19. Rd1 Qxd1+ 20. Kxd1 Nd7 21. Ng3 f6 22. Bh6 Rfd8 23. Kc2 Nc5 24. Qf3 Rd6 25. Rd1 Re6 26. b4 Na4 27. Qd3 Rae8 28. Qd7 1-0

[Event "16th Deltalift Open 2019"]
[Site "Halmstad"]
[Date "2019.05.30"]
[Round "1.12"]
[White "Lindquist, Per"]
[Black "Bellon Lopez, Juan Manuel"]
[Result "0-1"]
[ECO "A50"]
[WhiteElo "1922"]
[BlackElo "2345"]
[Annotator "ChessBase"]
[PlyCount "68"]
[EventDate "2019.05.30"]
[EventType "swiss"]
[EventCountry "SWE"]
[SourceTitle "playchess.com"]
[Source "ChessBase"]
[SourceQuality "1"]
[TimeControl "1800+12"]

1. d4 Nf6 2. c4 a6 3. g3 c5 4. d5 b5 5. cxb5 axb5 6. Bg2 d6 7. e4 g6 8. f4 Bb7 9. Qe2 Nbd7 10. Nf3 Bg7 11. O-O O-O 12. Re1 c4 13. Kh1 Nc5 14. Nc3 b4 15. Nb5 Nfxe4 16. Qxc4 Nf2+ 17. Kg1 Nfd3 18. Rd1 Bxb2 19. Be3 Bxa1 20. Rxa1 b3 21. f5 Rxa2 22. Rxa2 bxa2 23. Qxa2 Qa8 24. Qd2 Bxd5 25. Nbd4 e5 26. f6 exd4 27. Nxd4 Bxg2 28. Nf5 Qa1+ 29. Kxg2 Qxf6 30. Nh6+ Kh8 31. Ng4 Qf5 32. Qc3+ f6 33. Bd4 Qxg4 34. Bxf6+ Kg8 0-1

[Event "16th Deltalift Open 2019"]
[Site "Halmstad"]
[Date "2019.05.30"]
[Round "1.13"]
[White "Olund, Joar"]
[Black "Alfven, Jorgen"]
[Result "1-0"]
[ECO "D11"]
[WhiteElo "2328"]
[BlackElo "1912"]
[Annotator "ChessBase"]
[PlyCount "55"]
[EventDate "2019.05.30"]
[EventType "swiss"]
[EventCountry "SWE"]
[SourceTitle "playchess.com"]
[Source "ChessBase"]
[SourceQuality "1"]
[TimeControl "1800+12"]

1. d4 d5 2. c4 c6 3. Nf3 Nf6 4. e3 e6 5. b3 Bb4+ 6. Nbd2 O-O 7. Bd3 Nbd7 8. O-O Bxd2 9. Nxd2 e5 10. cxd5 cxd5 11. dxe5 Nxe5 12. Be2 Bf5 13. Nf3 Nxf3+ 14. Bxf3 Qd6 15. Bb2 Rfd8 16. Rc1 Be4 17. Bxe4 Nxe4 18. Qd4 Qg6 19. Rc7 b6 20. Rfc1 Nc5 21. Qc3 Ne6 22. Rc6 Rd7 23. Qe5 Rad8 24. Bd4 h6 25. h3 Qg5 26. Qxg5 hxg5 27. Kf1 f6 28. Rxe6 1-0

[Event "16th Deltalift Open 2019"]
[Site "Halmstad"]
[Date "2019.05.30"]
[Round "1.14"]
[White "Andersson, Kjell-Ake"]
[Black "Kucuksari, Kaan"]
[Result "0-1"]
[ECO "E19"]
[WhiteElo "1910"]
[BlackElo "2320"]
[Annotator "ChessBase"]
[PlyCount "82"]
[EventDate "2019.05.30"]
[EventType "swiss"]
[EventCountry "SWE"]
[SourceTitle "playchess.com"]
[Source "ChessBase"]
[SourceQuality "1"]
[TimeControl "1800+12"]

1. Nf3 Nf6 2. c4 b6 3. g3 Bb7 4. Bg2 e6 5. O-O Be7 6. Nc3 O-O 7. d4 Ne4 8. Qc2 Nxc3 9. Qxc3 d6 10. Qc2 f5 11. b3 Be4 12. Qd2 Bf6 13. Bb2 Nd7 14. Rad1 Qe7 15. Ne1 Rf7 16. Nd3 Raf8 17. f3 Bb7 18. e4 fxe4 19. fxe4 e5 20. d5 Nc5 21. Nxc5 bxc5 22. Bc1 Bc8 23. a3 h6 24. b4 Bg4 25. Rde1 Bg5 26. Qc3 Rxf1+ 27. Rxf1 Rxf1+ 28. Bxf1 Qf6 29. bxc5 dxc5 30. Bb2 h5 31. Bg2 h4 32. Qxe5 Be3+ 33. Kh1 Qxe5 34. Bxe5 h3 35. Bxc7 hxg2+ 36. Kxg2 Be2 37. d6 Bg4 38. h3 Bd7 39. Bb8 a5 40. e5 Kf7 41. Kf3 Bc1 0-1

[Event "16th Deltalift Open 2019"]
[Site "Halmstad"]
[Date "2019.05.30"]
[Round "1.15"]
[White "Ziegler, Ari"]
[Black "Olsson, Tord"]
[Result "1-0"]
[ECO "B43"]
[WhiteElo "2300"]
[BlackElo "1908"]
[Annotator "ChessBase"]
[PlyCount "37"]
[EventDate "2019.05.30"]
[EventType "swiss"]
[EventCountry "SWE"]
[SourceTitle "playchess.com"]
[Source "ChessBase"]
[SourceQuality "1"]
[TimeControl "1800+12"]

1. e4 c5 2. Nf3 e6 3. d4 cxd4 4. Nxd4 a6 5. Nc3 Qc7 6. g3 b5 7. Bg2 Bb7 8. O-O Ne7 9. Ndxb5 axb5 10. Nxb5 Qc6 11. Nd6+ Kd8 12. Nxf7+ Ke8 13. Nxh8 g6 14. Qf3 Nf5 15. g4 Bg7 16. gxf5 exf5 17. Qb3 d5 18. exd5 Qd7 19. Re1+ 1-0

[Event "16th Deltalift Open 2019"]
[Site "Halmstad"]
[Date "2019.05.30"]
[Round "1.16"]
[White "Wiklund, Johan"]
[Black "Lindgren, Fredrik"]
[Result "0-1"]
[ECO "D02"]
[WhiteElo "1902"]
[BlackElo "2278"]
[Annotator "ChessBase"]
[PlyCount "80"]
[EventDate "2019.05.30"]
[EventType "swiss"]
[EventCountry "SWE"]
[SourceTitle "playchess.com"]
[Source "ChessBase"]
[SourceQuality "1"]
[TimeControl "1800+12"]

1. Nf3 d5 2. d4 Nf6 3. c4 g6 4. Bf4 Bg7 5. h3 O-O 6. e3 c5 7. Nc3 cxd4 8. exd4 Nc6 9. Be2 dxc4 10. Bxc4 b6 11. O-O Bb7 12. Re1 Rc8 13. Be2 Nd5 14. Bg3 Nxc3 15. bxc3 Na5 16. Rc1 Qd5 17. Qa4 Bh6 18. c4 Qd8 19. Rcd1 Qe8 20. Qb4 Qd8 21. d5 Re8 22. Nd4 Bf8 23. Qa4 Bg7 24. Bf1 Rc5 25. Bd6 Qxd6 26. Qxe8+ Bf8 27. Nb5 Qf6 28. d6 exd6 29. Rxd6 Qg7 30. Nd4 Rc8 31. Rd8 Rxd8 32. Qxd8 Nc6 33. Nxc6 Bxc6 34. Qc7 Qf6 35. Qxa7 Bc5 36. Qb8+ Kg7 37. Qg3 Bd4 38. a3 h5 39. Rd1 h4 40. Qg4 Qxf2+ 0-1

[Event "16th Deltalift Open 2019"]
[Site "Halmstad"]
[Date "2019.05.30"]
[Round "1.17"]
[White "Silseth, Simon"]
[Black "Sjodahl, Olof"]
[Result "1-0"]
[ECO "C24"]
[WhiteElo "2268"]
[BlackElo "1901"]
[Annotator "ChessBase"]
[PlyCount "45"]
[EventDate "2019.05.30"]
[EventType "swiss"]
[EventCountry "SWE"]
[SourceTitle "playchess.com"]
[Source "ChessBase"]
[SourceQuality "1"]
[TimeControl "1800+12"]

1. e4 e5 2. Bc4 Nf6 3. d3 h6 4. Nc3 c6 5. Nf3 d6 6. h3 g6 7. d4 Nbd7 8. dxe5 dxe5 9. a4 Qc7 10. Be3 Bg7 11. Qd2 b6 12. O-O Nf8 13. a5 b5 14. Bxb5 Rb8 15. Ba4 Rxb2 16. Nd5 Nxd5 17. exd5 e4 18. Bd4 Bxd4 19. Qxd4 exf3 20. Rfe1+ Kd8 21. dxc6+ Bd7 22. cxd7 fxg2 23. Re8# 1-0

[Event "16th Deltalift Open 2019"]
[Site "Halmstad"]
[Date "2019.05.30"]
[Round "1.18"]
[White "Ljung, Rickard"]
[Black "Nyander, Joakim"]
[Result "0-1"]
[ECO "A46"]
[WhiteElo "1899"]
[BlackElo "2235"]
[Annotator "ChessBase"]
[PlyCount "82"]
[EventDate "2019.05.30"]
[EventType "swiss"]
[EventCountry "SWE"]
[SourceTitle "playchess.com"]
[Source "ChessBase"]
[SourceQuality "1"]
[TimeControl "1800+12"]

1. d4 Nf6 2. Nf3 c5 3. e3 e6 4. Nbd2 b6 5. b3 Be7 6. Bb2 O-O 7. Bd3 d6 8. g4 Nc6 9. g5 Nd7 10. Rg1 Nb4 11. Ne4 d5 12. Ng3 Nxd3+ 13. Qxd3 c4 14. bxc4 Ba6 15. Nd2 Rc8 16. Qe2 Bxc4 17. Nxc4 Rxc4 18. c3 b5 19. a3 Nb6 20. Qd3 Na4 21. Rb1 Qa5 22. Ne2 Rfc8 23. Rg3 Nxb2 24. Rxb2 Bxa3 25. Rb1 b4 26. cxb4 Bxb4+ 27. Kf1 Qa2 28. e4 a5 29. e5 Qc2 30. Qxc2 Rxc2 31. Rd3 g6 32. h4 Kf8 33. Nf4 Ke7 34. h5 R8c4 35. hxg6 hxg6 36. Rbd1 a4 37. Rh3 Bd2 38. Nxg6+ fxg6 39. Rh7+ Kf8 40. Rb1 Rc1+ 41. Rxc1 Rxc1+ 0-1

[Event "16th Deltalift Open 2019"]
[Site "Halmstad"]
[Date "2019.05.30"]
[Round "1.19"]
[White "Johnson, Daniel"]
[Black "Lesner, Joen"]
[Result "1-0"]
[ECO "E18"]
[WhiteElo "2233"]
[BlackElo "1886"]
[Annotator "ChessBase"]
[PlyCount "83"]
[EventDate "2019.05.30"]
[EventType "swiss"]
[EventCountry "SWE"]
[SourceTitle "playchess.com"]
[Source "ChessBase"]
[SourceQuality "1"]
[TimeControl "1800+12"]

1. d4 e6 2. c4 b6 3. Nf3 Bb7 4. g3 Nf6 5. Bg2 Be7 6. O-O O-O 7. Nc3 d6 8. d5 e5 9. Nh4 Bc8 10. e4 Ne8 11. Nf5 g6 12. Nxe7+ Qxe7 13. Qe2 Nd7 14. Nb5 Kg7 15. b3 Ndf6 16. Bb2 a6 17. Nc3 Bg4 18. f3 Bd7 19. a4 h5 20. f4 h4 21. f5 hxg3 22. hxg3 Nh5 23. Qf3 Qg5 24. g4 Nf4 25. Bc1 Nf6 26. Bxf4 exf4 27. Qxf4 Qxg4 28. Qxg4 Nxg4 29. Rf4 Nf6 30. a5 g5 31. Rf2 Nh5 32. Rfa2 Rfb8 33. Rb2 Nf4 34. Bf1 Rh8 35. axb6 cxb6 36. Rba2 a5 37. b4 Nh3+ 38. Kg2 Nf4+ 39. Kf3 a4 40. Nxa4 b5 41. Nb6 Rxa2 42. Rxa2 1-0

[Event "16th Deltalift Open 2019"]
[Site "Halmstad"]
[Date "2019.05.30"]
[Round "1.20"]
[White "Engstrom, Ronald"]
[Black "Crevatin, Leo"]
[Result "0-1"]
[ECO "B10"]
[WhiteElo "1873"]
[BlackElo "2210"]
[Annotator "ChessBase"]
[PlyCount "63"]
[EventDate "2019.05.30"]
[EventType "swiss"]
[EventCountry "SWE"]
[SourceTitle "playchess.com"]
[Source "ChessBase"]
[SourceQuality "1"]
[TimeControl "1800+12"]

1. e4 c6 2. Nf3 d5 3. exd5 cxd5 4. d4 Nc6 5. Bf4 Nf6 6. Nbd2 Bf5 7. c3 e6 8. Be2 h6 9. h3 Be7 10. O-O O-O 11. Ne5 Nd7 12. Ndf3 f6 13. Nxd7 Qxd7 14. Bd3 g5 15. Bg3 Kg7 16. Re1 Rae8 17. Qc2 Rc8 18. Qd2 Rfe8 19. Re2 Bxd3 20. Qxd3 Bd6 21. Bxd6 Qxd6 22. Rae1 Re7 23. a3 Rce8 24. Qd2 a6 25. Qc2 e5 26. dxe5 fxe5 27. Qd2 Rd7 28. Re3 Qf6 29. Nh2 Qf4 30. R1e2 d4 31. cxd4 Nxd4 32. Re1 0-1

[Event "16th Deltalift Open 2019"]
[Site "Halmstad"]
[Date "2019.05.30"]
[Round "1.21"]
[White "Sjoberg, Isak"]
[Black "Haraldsson, Leif"]
[Result "1-0"]
[ECO "B00"]
[WhiteElo "2208"]
[BlackElo "1870"]
[Annotator "ChessBase"]
[PlyCount "75"]
[EventDate "2019.05.30"]
[EventType "swiss"]
[EventCountry "SWE"]
[SourceTitle "playchess.com"]
[Source "ChessBase"]
[SourceQuality "1"]
[TimeControl "1800+12"]

1. e4 d6 2. d4 Nd7 3. Nf3 c6 4. Nc3 Qc7 5. a4 e5 6. Bc4 h6 7. O-O Be7 8. Be3 a5 9. Qe2 Nf8 10. Bb3 g5 11. Qc4 Rh7 12. dxe5 Be6 13. Qe2 dxe5 14. Rfd1 g4 15. Nd2 Nf6 16. Bxe6 Nxe6 17. Nc4 h5 18. Bb6 Qb8 19. Ne3 Ra6 20. Nc4 Nd7 21. Bxa5 Nd4 22. Qd3 Nc5 23. Qd2 Nce6 24. Bb6 Bg5 25. Qd3 Nf4 26. Qf1 Nxc2 27. Rac1 Nb4 28. a5 Nbd3 29. Rc2 h4 30. Rxd3 Nxd3 31. Qxd3 Ra8 32. Bc5 Be7 33. Bxe7 Kxe7 34. Rd2 Qc7 35. Qe3 Rg8 36. Qc5+ Ke8 37. Nd6+ Kf8 38. Ndb5+ 1-0

[Event "16th Deltalift Open 2019"]
[Site "Halmstad"]
[Date "2019.05.30"]
[Round "1.22"]
[White "Frisk, Hans"]
[Black "Carlsson, Ludvig"]
[Result "0-1"]
[ECO "A01"]
[WhiteElo "1866"]
[BlackElo "2208"]
[Annotator "ChessBase"]
[PlyCount "42"]
[EventDate "2019.05.30"]
[EventType "swiss"]
[EventCountry "SWE"]
[SourceTitle "playchess.com"]
[Source "ChessBase"]
[SourceQuality "1"]
[TimeControl "1800+12"]

1. b3 e5 2. Bb2 Nc6 3. e3 Nf6 4. Bb5 e4 5. Ne2 d5 6. Bxc6+ bxc6 7. O-O Bd6 8. f4 exf3 9. Rxf3 Bg4 10. Bxf6 gxf6 11. Rf2 Qe7 12. Nbc3 Qe5 13. g3 h5 14. Qf1 h4 15. Rxf6 hxg3 16. Nxg3 Rxh2 17. Qf4 Rxd2 18. Rf1 Qxf4 19. exf4 Ke7 20. Rh6 Rg8 21. Rf2 Bc5 0-1

[Event "16th Deltalift Open 2019"]
[Site "Halmstad"]
[Date "2019.05.30"]
[Round "1.23"]
[White "Holst, Conny"]
[Black "Westergren, Bertil"]
[Result "1/2-1/2"]
[ECO "D25"]
[WhiteElo "2197"]
[BlackElo "1865"]
[Annotator "ChessBase"]
[PlyCount "63"]
[EventDate "2019.05.30"]
[EventType "swiss"]
[EventCountry "SWE"]
[SourceTitle "playchess.com"]
[Source "ChessBase"]
[SourceQuality "1"]
[TimeControl "1800+12"]

1. d4 d5 2. c4 dxc4 3. Nf3 Nf6 4. e3 a6 5. Bxc4 b5 6. Bb3 e6 7. O-O c5 8. a4 Bb7 9. axb5 axb5 10. Rxa8 Bxa8 11. Qe2 c4 12. Bc2 Be7 13. b3 Qc7 14. bxc4 bxc4 15. Ne5 O-O 16. Qxc4 Qb7 17. f3 Rc8 18. Qd3 g6 19. Ba3 Bxa3 20. Nxa3 Nc6 21. Rb1 Qe7 22. Nxc6 Bxc6 23. Nc4 Nd5 24. Nb6 Rb8 25. Nxd5 Rxb1+ 26. Bxb1 exd5 27. e4 Qb4 28. h3 Bb5 29. Qd1 Ba4 30. Qd3 Bb5 31. Qd1 Ba4 32. Qd3 1/2-1/2

[Event "16th Deltalift Open 2019"]
[Site "Halmstad"]
[Date "2019.05.30"]
[Round "1.24"]
[White "Tillman, Jan-Olof"]
[Black "Wahlstrom, Lennart"]
[Result "0-1"]
[ECO "D02"]
[WhiteElo "1858"]
[BlackElo "2196"]
[Annotator "ChessBase"]
[PlyCount "66"]
[EventDate "2019.05.30"]
[EventType "swiss"]
[EventCountry "SWE"]
[SourceTitle "playchess.com"]
[Source "ChessBase"]
[SourceQuality "1"]
[TimeControl "1800+12"]

1. d4 d5 2. Nf3 c5 3. e3 Nc6 4. Be2 Nf6 5. O-O e6 6. b3 Bd6 7. Bb2 O-O 8. c4 Qe7 9. Nc3 cxd4 10. Nxd4 Nxd4 11. Qxd4 e5 12. Qd1 dxc4 13. Bxc4 a6 14. Qe2 Be6 15. Bxe6 Qxe6 16. Rfd1 Rfd8 17. h3 Rac8 18. Rac1 Bb4 19. Rxd8+ Rxd8 20. a3 Be7 21. b4 Qb3 22. e4 Rc8 23. Kh2 b5 24. Nd5 Rxc1 25. Nxe7+ Kf8 26. Bxc1 Kxe7 27. Qe3 Qxe3 28. Bxe3 Nxe4 29. f3 Nc3 30. Kg3 f5 31. Bc5+ Kf6 32. f4 Ne4+ 33. Kf3 Nxc5 0-1

[Event "16th Deltalift Open 2019"]
[Site "Halmstad"]
[Date "2019.05.30"]
[Round "2.2"]
[White "Hector, Jonny"]
[Black "Holm, Ragnar"]
[Result "1-0"]
[ECO "B27"]
[WhiteElo "2488"]
[BlackElo "2124"]
[Annotator "ChessBase"]
[PlyCount "63"]
[EventDate "2019.05.30"]
[EventType "swiss"]
[EventCountry "SWE"]
[SourceTitle "playchess.com"]
[Source "ChessBase"]
[SourceQuality "1"]
[TimeControl "1800+12"]

1. e4 c5 2. Nf3 g6 3. d4 cxd4 4. Nxd4 Bg7 5. Nc3 Nc6 6. Nb3 d6 7. Be2 Nf6 8. O-O O-O 9. Re1 Bd7 10. Bg5 Rc8 11. Qd2 Re8 12. Bf1 Be6 13. Nd5 Bxd5 14. exd5 Ne5 15. c3 a5 16. Bb5 Rf8 17. Rad1 Nc4 18. Qe2 Nb6 19. Qxe7 Qxe7 20. Rxe7 Nfxd5 21. Rxb7 a4 22. Na5 h6 23. Bd2 Rb8 24. Rxb8 Rxb8 25. Nc6 Ra8 26. a3 g5 27. g3 Nc7 28. Bf1 Kf8 29. Be3 Nbd5 30. Bd4 Bxd4 31. Rxd4 Ne7 32. Rxd6 1-0

[Event "16th Deltalift Open 2019"]
[Site "Halmstad"]
[Date "2019.05.30"]
[Round "2.3"]
[White "Svensson, Mikael"]
[Black "Cramling, Pia"]
[Result "0-1"]
[ECO "A46"]
[WhiteElo "2125"]
[BlackElo "2454"]
[Annotator "ChessBase"]
[PlyCount "70"]
[EventDate "2019.05.30"]
[EventType "swiss"]
[EventCountry "SWE"]
[SourceTitle "playchess.com"]
[Source "ChessBase"]
[SourceQuality "1"]
[TimeControl "1800+12"]

1. d4 Nf6 2. Nf3 e6 3. Bg5 h6 4. Bh4 b6 5. e3 Bb7 6. Bd3 d6 7. O-O Nbd7 8. Nbd2 Be7 9. c3 c5 10. e4 cxd4 11. cxd4 O-O 12. Rc1 a6 13. h3 e5 14. Bg3 Re8 15. Re1 exd4 16. Nxd4 Nc5 17. Bb1 Bf8 18. f3 b5 19. b4 Na4 20. Qb3 Nh5 21. Bf2 Nf4 22. Kh2 d5 23. g3 Qf6 24. Qe3 Ng6 25. Rc7 Rab8 26. a3 Bd6 27. Rcc1 Rbc8 28. Nf5 Bc7 29. Qa7 Bc6 30. Bd4 Be5 31. Bxe5 Nxe5 32. Qd4 dxe4 33. Bxe4 Rcd8 34. Qe3 Bxe4 35. fxe4 Rxd2+ 0-1